 Dungeon Crawl Stone Soup version 0.21.1-1-g345015f (webtiles) character file.

641 Fang the Chopper (level 7, -11/44 HPs)
             Began as a Gargoyle Berserker on May 2, 2018.
             Was a Priest of Trog.
             Engulfed by a cloud of flame (14 damage)
             ... on level 3 of the Dungeon on May 3, 2018.
             The game lasted 00:05:08 (2009 turns).

Fang the Chopper (Gargoyle Berserker)               Turns: 2009, Time: 00:05:10

Health: -11/44     AC:  7    Str: 23    XL:     7   Next: 51%
Magic:  7/7        EV: 13    Int:  7    God:    Trog [***...]
Gold:   97         SH:  0    Dex:  9    Spells: 6/6 levels left

rFire    . . .     SeeInvis .   a - +0 hand axe
rCold    . . .     Gourm    .   (no shield)
rNeg     + . .     Faith    .   b - +0 animal skin
rPois    ∞         Spirit   .   (no helmet)
rElec    +         Reflect  .   (no cloak)
rCorr    .         Harm     .   (no gloves)
MR       .....                  (no boots)
Stlth    ++........             (no amulet)
HPRegen  0.14/turn              (no ring)
MPRegen  0.10/turn              (no ring)

@: very slightly contaminated
A: negative energy resistance 1, electricity resistance, unbreathing,
petrification resistance, rot immunity, AC +4
a: Berserk, Trog's Hand, Burn Spellbooks, Renounce Religion


You were on level 3 of the Dungeon.
You worshipped Trog.
Trog was most pleased with you.
You were not hungry.

You visited 1 branch of the dungeon, and saw 3 of its levels.

You collected 97 gold pieces.

Inventory:

Hand Weapons
 a - a +0 hand axe (weapon)
Armour
 b - a +0 animal skin (worn)
Scrolls
 e - 2 scrolls of teleportation
 h - a scroll of magic mapping
 i - 2 scrolls of remove curse
 k - a scroll of fear
Potions
 f - 2 potions of heal wounds
 g - a potion of degeneration {unknown}
 n - a potion of lignification
Comestibles
 c - 4 rations


   Skills:
 + Level 5.2 Fighting
 + Level 5.6 Axes
 + Level 2.4 Armour
 + Level 3.2 Dodging
 + Level 2.3 Stealth


You had 6 spell levels left.
You didn't know any spells.

Dungeon Overview and Level Annotations

Branches:
Dungeon (3/15)

Altars:


Innate Abilities, Weirdness & Mutations

You are resistant to torment.
Your stone body is resilient. (AC +4)
You are immune to poison.
You resist negative energy. (rN+)
You are resistant to electric shocks. (rElec)
You can survive without breathing.
You are immune to petrification.
You are immune to rotting.


Message History

Drop what? 10/52 slots (_ for help) (? for menu, Esc to quit)
You don't have any such object.
Drop what? 10/52 slots (_ for help) (? for menu, Esc to quit)
Okay, then.
Drop what? 10/52 slots (_ for help) (? for menu, Esc to quit)
Okay, then.
Drop what? 10/52 slots (_ for help) (? for menu, Esc to quit)
Okay, then.
Drop what? 10/52 slots (_ for help) (? for menu, Esc to quit)
Okay, then.
The frilled lizard completely misses you.
You closely miss the frilled lizard. The frilled lizard closely misses you.
You hit the frilled lizard.
The frilled lizard explodes!
The fiery explosion engulfs you!
Ouch! That really hurt!
* * * LOW HITPOINT WARNING * * *
Trog accepts your kill.
You are engulfed in blazing flames.
You die...

,,,,,,,,,,,,,,,,,**,*#...##**,,,,
,,,,,,,,,........#*.##....# *,,,,
,,,,,,,,,........##.##....###.,,,
,,**,,,***#...................**,
******** #>...........##.....,,,
* *##............#*..>..,** *
*.......§§.....#..#*,.,** ***
*......§.§.....#.#**,*,.. ,,*****
*.%....§@§.......##,,*##.
*,,,,,***..................,,,,..
*****,,,,....#.............<***,.
*****###.#.............,,*,,*
**,,,.........##..#.*,..##
***,,*..........#*#...#*....
*,,,,..##.......###...##..##
*****,**,##*#.....)...#...#..###
*,,,,,**** #...[))÷.........)).


There were no monsters in sight!

Vanquished Creatures
  Sigmund (D:2)
  The ghost of frimble the Digger, an amateur GrEE (D:3)
  2 ogres (D:3)
  A scorpion (D:3)
  An orc priest (D:3)
  Robin (D:2)
  4 adders
  A worm (D:3)
  3 leopard geckos
  2 orcs (D:3)
  8 bats
  3 giant cockroaches
  16 goblins
  6 hobgoblins
  2 jackals (D:1)
  A ball python (D:1)
  8 frilled lizards
  3 kobolds
  6 rats
70 creatures vanquished.

Notes
Turn   | Place    | Note
-------+----------+-------------------------------------------
     0 | D:1      | Fang the Gargoyle Berserker began the quest for the Orb.
     0 | D:1      | Reached XP level 1. HP: 14/14 MP: 1/1
   187 | D:1      | Reached XP level 2. HP: 15/19 MP: 2/2
   489 | D:1      | Reached ** piety under Trog
   554 | D:1      | Reached XP level 3. HP: 23/24 MP: 3/3
   853 | D:2      | Noticed Sigmund
   862 | D:2      | Killed Sigmund
   862 | D:2      | Reached skill level 1 in Stealth
   862 | D:2      | Reached XP level 4. HP: 27/30 MP: 4/4
   862 | D:2      | Reached XP level 5. HP: 30/34 MP: 5/5
   979 | D:2      | Noticed Robin
   995 | D:2      | Killed Robin
  1109 | D:2      | Reached XP level 6. HP: 35/39 MP: 6/6
  1624 | D:3      | Reached skill level 5 in Axes
  1624 | D:3      | Reached XP level 7. HP: 20/44 MP: 7/7
  1625 | D:3      | Reached skill level 5 in Fighting
  1882 | D:3      | Reached *** piety under Trog
  1915 | D:3      | Noticed frimble's ghost (amateur GrEE)
  1940 | D:3      | Killed frimble's ghost
  2009 | D:3      | Engulfed by a cloud of flame

Skill      XL: |  1  2  3  4  5  6  7 |
---------------+----------------------+-----
Axes           | 3 4 5 |  5.6
Fighting       | 4 5 |  5.2
Dodging        | 2 3 |  3.2
Stealth        | 1 2 |  2.3
Armour         | |  2.4

Action                   |  1- 3 |  4- 6 |  7- 9 || total
-------------------------+-------+-------+-------++-------
Melee: Hand axe          |    84 |    98 |    50 ||   232
Invok: Berserk           |     1 |     2 |     1 ||     4
  Use: Scroll            |       |       |     9 ||     9
 Stab: Sleeping          |     2 |     2 |       ||     4
  Eat: Ration            |       |     2 |       ||     2
       Chunk             |       |       |     1 ||     1
Armor: Animal skin       |    29 |    32 |    11 ||    72
Dodge: Dodged            |    60 |    82 |    37 ||   179
